 Dungeon Crawl Stone Soup version 0.30-a0-393-g54b8e3be05 (webtiles) character file.

Game seed: 14757199355075277129

102 lunkers the Cudgeller (level 5, -2/45 HPs)
             Began as a Meteoran Fighter on Dec 5, 2022.
             Was an Initiate of Gozag.
             Succumbed to a water moccasin's poison
             ... on level 3 of the Dungeon.
             The game lasted 00:01:38 (758 turns).

lunkers the Cudgeller (Meteoran Fighter)             Turns: 758, Time: 00:01:38

Health: -2/45      AC:  9    Str: 19    XL:     5   Next: 28%
Magic:  6/6        EV:  9    Int: 13    God:    Gozag
Gold:   102        SH:  4    Dex: 12    Spells: 4/4 levels left

rFire   . . .      SeeInvis .    a - +0 flail
rCold   . . .      Faith    .    c - +0 buckler
rNeg    . . .      Spirit   .    b - +0 scale mail
rPois   .          Reflect  .    (no helmet)
rElec   .          Harm     .    (no cloak)
rCorr   .          Rampage  .    (no gloves)
Will    .....                    k - +1 pair of boots
Stlth   ..........               (no amulet)
HPRegen 0.27/turn                (no ring)
MPRegen 0.10/turn                (no ring)

@: lethally poisoned (-2 -> -13), hasted, glowing, very quick
A: sense surroundings 1, otherworldly, glowing, explore regen, clever 1
a: Renounce Religion, Potion Petition, Call Merchant, Bribe Branch


You were on level 3 of the Dungeon.
You worshipped Gozag.
Gozag was aware of your devotion.
You visited 1 branch of the dungeon, and saw 3 of its levels.

You collected 161 gold pieces.
You paid 59 gold pieces to Gozag.

Inventory:

Hand Weapons
 a - a +0 flail (weapon)
Armour
 b - a +0 scale mail (worn)
 c - a +0 buckler (worn)
 k - a +1 pair of boots (worn)
Scrolls
 g - a scroll of enchant armour {unknown}
 i - a scroll of enchant weapon {unknown}
 j - a scroll of noise {unknown}
 l - a scroll of identify {unknown}
Potions
 d - a potion of might
 e - a potion of mutation
 f - a potion of haste
 h - a potion of attraction {unknown}


   Skills:
 - Level 3.2 Fighting
 + Level 6.4 Maces & Flails
 - Level 3.6 Armour
 - Level 3.6 Shields


You had 4 spell levels left.
You didn't know any spells.
Your spell library was empty.

Dungeon Overview and Level Annotations

Branches:
Dungeon (3/15) Zot: 1022

Altars:
Gozag


Innate Abilities, Weirdness & Mutations

You passively map a small area around you.
You are easily found by Zot.
You glow in the dark.
You regain HP and MP as you explore.
Your mind is acute. (Int +4, Str/Dex -1)


Message History

You barely miss the water moccasin.
The water moccasin is lightly wounded.
You feel sick. The water moccasin bites you.
You are more poisoned.
The water moccasin poisons you! The water moccasin bites you!
* * * LOW HITPOINT WARNING * * *
You are more poisoned.
The water moccasin poisons you!
It was a potion of mutation.
You feel extremely strange.
You feel clever.
* * * LOW HITPOINT WARNING * * *
You feel very sick. You block the water moccasin's attack.
You miss the water moccasin.
The water moccasin is lightly wounded.
* * * LOW HITPOINT WARNING * * *
You feel very sick. The water moccasin bites you.
* * * LOW HITPOINT WARNING * * *
You are more poisoned.
The water moccasin poisons you!
The water moccasin bites you but does no damage.
You sock the water moccasin!
The water moccasin is heavily wounded.
* * * LOW HITPOINT WARNING * * *
You feel very sick.
The water moccasin completely misses you.
You miss the water moccasin.
The water moccasin is heavily wounded.
* * * LOW HITPOINT WARNING * * *
You feel very sick.
The water moccasin bites you but does no damage. x2
It was a potion of haste.
You feel yourself speed up.
* * * LOW HITPOINT WARNING * * *
You feel very sick. The water moccasin closely misses you.
You hit the water moccasin.
The water moccasin is heavily wounded.
You die...
Your body crumbles into a pile of gold.

, ,..# *####.# , ,
,,..#.# *####,* , * ,
#####.#)# ...,,* * , ,
,#...#.#.###.###..., ,
#.......)......... , ,
#.#.#...####.####..
,#.......##.....## ##
###.#@..#.......#..+
#......S..#.......#..#
*
#####..#......_......#
. , *
#..#..#.......#..#..
......#.......#.##.. *
,
,.......##.....##.....
, $* , .....
..####.####...# *
#####..[.....†.......#
...............##


You could see a water moccasin.

Vanquished Creatures
  A scorpion (D:3)
  2 adders
  3 endoplasms
  A giant cockroach (D:2)
  4 goblins
  2 hobgoblins
  A quokka (D:2)
  3 ball pythons (D:3)
  3 bats
  2 frilled lizards
  5 rats
27 creatures vanquished.

Notes
Turn   | Place    | Note
-------+----------+-------------------------------------------
     0 | D:1      | lunkers the Meteoran Fighter began the quest for the Orb.
     0 | D:1      | Reached XP level 1. HP: 19/19 MP: 2/2
   133 | D:1      | Reached skill level 3 in Maces & Flails
   216 | D:1      | Reached XP level 2. HP: 26/26 MP: 3/3
   282 | D:2      | Reached skill level 4 in Maces & Flails
   372 | D:2      | Reached XP level 3. HP: 31/31 MP: 4/4
   611 | D:3      | Noticed a scorpion
   623 | D:3      | Killed a scorpion
   624 | D:3      | Reached skill level 6 in Maces & Flails
   624 | D:3      | Reached XP level 4. HP: 18/38 MP: 5/5
   624 | D:3      | Reached XP level 5. HP: 22/45 MP: 6/6
   692 | D:3      | Found an opulent altar of Gozag.
   712 | D:3      | Became a worshipper of Gozag Ym Sagoz the Greedy
   743 | D:3      | Noticed a water moccasin
   753 | D:3      | Gained mutation: Your mind is acute. (Int +4, Str/Dex -1)
                  | [potion of mutation]
   757 | D:3      | HP: 1/45 [poisoned by a water moccasin]
   758 | D:3      | Succumbed to a water moccasin's poison

Illustrated notes

Levels and vault maps discovered:
D:1:      dpeg_arrival_simpleton_b, layout_loops_ring,
          shapermc_ecumenical_altar_notcrosses, serial_forest,
          infiniplex_forest_straight_1, infiniplex_forest_3_way,
          infiniplex_forest_lined_3, infiniplex_forest_end_2,
          infiniplex_forest_clump_large, infiniplex_forest_straight_1
D:2:      layout_basic, minivault_14
D:3:      layout_basic, old_standard_altar, minmay_circle_x, uniq_sigmund

Skill      XL: |  1  2  3 |
---------------+----------+-----
Maces & Flails | 3 4 6 |  6.4
Fighting       | |  3.2
Armour         | |  3.6
Shields        | |  3.6

Action                   |  1- 3 |  4- 6 || total
-------------------------+-------+-------++-------
Melee: Flail             |    55 |    53 ||   108
  Use: Potion            |       |     2 ||     2
Armor: Scale mail        |    25 |    23 ||    48
Dodge: Dodged            |    13 |    14 ||    27
Block: Buckler           |    17 |    16 ||    33

Table legend: (Time is in decaauts)
 A = Elapsed time spent in this place.
 B = Non-inter-level travel time spent in this place.
 C = Inter-level travel time spent in this place.
 D = Time resting spent in this place.
 E = Time spent auto-exploring this place.
 F = Levels seen in this place.
 G = Mean time per level.
                   A        B        C        D        E       F      G
               +--------+--------+--------+--------+--------+-----+--------+
         Total |    777 |    767 |     10 |      0 |    530 |   3 |  259.0 |
       Dungeon |    777 |    767 |     10 |      0 |    530 |   3 |  259.0 |
               +--------+--------+--------+--------+--------+-----+--------+

Top non-repeatable levels by time:
     D:2: 378 daAuts
     D:1: 236 daAuts
     D:3: 162 daAuts
